[Event "Early-Titled-Tuesday-Blitz-December-26-2023"]
[Site "Chess.com"]
[Date "2023.12.26"]
[Round "10"]
[White "Let_it_be_1"]
[Black "MIss_MIaMI"]
[Result "0-1"]
[WhiteElo "2545"]
[BlackElo "2439"]
[TimeControl "180+1"]
[EndTime "9:56:11 PST"]
[Termination "MIss_MIaMI won by resignation"]

1. e4 c5 2. Nf3 e6 3. d4 cxd4 4. Nxd4 a6 5. Nc3 Qc7 6. Be2 Bb4 7. Qd3 Nf6 8. O-O O-O 9. Bd2 Bc5 10. Be3 Be7 11.
f4 d6 12. a4 b6 13. Bf3 Bb7 14. e5 dxe5 15. fxe5 Nfd7 16. Bxb7 Qxb7 17. Bf4 Rd8 18. Rad1 Nf8 19. Kh1 Ng6 20. Bg3 Bc5 21. Qc4 Nd7 22. Nxe6 fxe6 23. Qxe6+ Kh8 24. Rf7 Ndf8 25. Qxg6 Nxg6 26.
Rxb7 Rxd1+ 27. Nxd1 Rf8 28. h4 Rf1+ 29. Kh2 Rxd1 30. h5 Ne7 31. b4 Bxb4 32. Rxb6 a5 33. c4 Rc1 34. Rb8+ Ng8 35. Rc8 h6 36. e6 Kh7 37. Bf4 Re1 38. Rc6 Ne7 39. Rb6 Nf5 40.
Rb5 Nd4 41. c5 Nxb5 42. axb5 Bxc5 0-1

[Event "Early-Titled-Tuesday-Blitz-December-26-2023"]
[Site "Chess.com"]
[Date "2023.12.26"]
[Round "10"]
[White "Flawless_Fighter"]
[Black "Dinosaurio_1975"]
[Result "0-1"]
[WhiteElo "2784"]
[BlackElo "2643"]
[TimeControl "180+1"]
[EndTime "9:56:12 PST"]
[Termination "Dinosaurio_1975 won by checkmate"]

1. e4 c6 2. d4 d5 3. exd5 cxd5 4. Bd3 Nc6 5. c3 Nf6 6. Bf4 Bg4 7. Qb3 e5 8. h3 exf4 9. hxg4 Qe7+ 10. Kf1 Nxg4 11. Nd2 Qd7 12. Re1+ Be7 13. Ngf3 g6 14. Ne5 Ngxe5 15.
dxe5 O-O-O 16. Nf3 h5 17. Bb5 a6 18. Bd3 g5 19. Nd4 Nxd4 20. cxd4 Qe6 21. Rc1+ Kb8 22. a3 Rc8 23. Rc2 Rxc2 24. Qxc2 Rc8 25. Qd2 h4 26. f3 Qb6 27. Bf5 Rc4 28. Ke2 Rxd4 29. Qc2 Rc4 30. Qd2 Bc5 31. Rd1 Be3 32. Qe1 Qxb2+ 33. Kf1 d4 34. Bd3 Rc3 35. Be4 Qxa3 36. Rb1 Rc1 37. Rxc1 Bxc1 38. Bd5 Be3 39. Bxf7 d3 40.
e6 d2 41. Qe2 Qc1+ 42. Qd1 Qxd1# 0-1

[Event "Early-Titled-Tuesday-Blitz-December-26-2023"]
[Site "Chess.com"]
[Date "2023.12.26"]
[Round "10"]
[White "Zavgorodniy_Sergiy"]
[Black "Road2GM3000"]
[Result "1-0"]
[WhiteElo "2618"]
[BlackElo "2499"]
[TimeControl "180+1"]
[EndTime "9:56:12 PST"]
[Termination "Zavgorodniy_Sergiy won by resignation"]

1. d4 d5 2. c4 c6 3. e3 Nf6 4.
Bd3 a6 5. Nd2 Bg4 6. Qc2 e6 7.
Ngf3 Nbd7 8. O-O Bd6 9. b3 O-O 10.
Bb2 Rc8 11. Ne5 Bh5 12. f4 Bg6 13. Nxg6 hxg6 14. Nf3 b5 15. Ne5 bxc4 16. bxc4 c5 17. Qe2 cxd4 18. Bxd4 Bxe5 19. fxe5 dxc4 20. Bxc4 Ne4 21.
Bxa6 Ra8 22. Bb7 Ndc5 23. Bxa8 Qxa8 24. Rfc1 Na4 25. Rc7 Qa5 26. Ra7 Qb4 27. a3 Qb3 28. Qd1 Qxd1+ 29. Rxd1 Nac3 30. Bxc3 Nxc3 31. Rdd7 Nd5 32.
a4 Nxe3 33. a5 Nc4 34. a6 Nxe5 35. Rdc7 Rd8 36. Rab7 Rd1+ 37. Kf2 Rd2+ 38. Ke1 Rxg2 39. a7 Ra2 40. Rb8+ Kh7 41. a8=Q Rxa8 42. Rxa8 g5 43. Ke2 Kg6 44. Ra5 Ng4 45. h3 Nh6 46. Kf3 Kf6 47. Rcc5 Nf5 48. Rxf5+ exf5 49. Kg3 Kg6 50. Ra6+ f6 51.
Rb6 Kh5 52. Rb5 f4+ 53. Kf3 Kh4 54. Rb7 Kxh3 55. Rxg7 Kh2 56. Rg6 1-0

[Event "Early-Titled-Tuesday-Blitz-December-26-2023"]
[Site "Chess.com"]
[Date "2023.12.26"]
[Round "10"]
[White "Navyblue1"]
[Black "elchacal664"]
[Result "1-0"]
[WhiteElo "2182"]
[BlackElo "2275"]
[TimeControl "180+1"]
[EndTime "9:56:12 PST"]
[Termination "Navyblue1 won by resignation"]

1. d4 c5 2. d5 Nf6 3. Nc3 d6 4. e4 g6 5. Be2 Bg7 6. Nf3 O-O 7. O-O a6 8. a4 Bg4 9. Nd2 Bxe2 10.
Qxe2 Nbd7 11. Nc4 Nb6 12. Nxb6 Qxb6 13. e5 dxe5 14. Qxe5 Rad8 15. a5 Qd6 16. Qxd6 Rxd6 17. Bf4 Rd7 18. Rfe1 Re8 19. Rad1 Rc8 20. h3 c4 21. d6 e6 22. Be5 Ne8 23. Bxg7 Kxg7 24. Ne4 h6 25. Rd4 e5 26. Rd5 f5 27. Nc3 e4 28. f3 Nf6 29. Rd4 exf3 30. gxf3 Rc6 31. Re6 Kf7 32. Re1 Rcxd6 33. Rxc4 Rd2 34. Re2 Rxe2 35.
Nxe2 Nd5 36. Kf2 Nf6 37. b4 Ke6 38. c3 Re7 39. Rd4 Kf7 40. Nf4 g5 41. Nd5 Nxd5 42. Rxd5 Ke6 43. Rc5 Kd6 44. Rxf5 Rc7 45. Rf6+ Ke5 46.
Rxh6 Rxc3 47. Kg3 Rb3 48. Rb6 g4 49. hxg4 1-0

[Event "Early-Titled-Tuesday-Blitz-December-26-2023"]
[Site "Chess.com"]
[Date "2023.12.26"]
[Round "10"]
[White "Schachmalanders"]
[Black "GMJustin"]
[Result "1-0"]
[WhiteElo "2377"]
[BlackElo "2241"]
[TimeControl "180+1"]
[EndTime "9:56:15 PST"]
[Termination "Schachmalanders won on time"]

1. e4 c5 2. c3 d5 3. exd5 Qxd5 4.
d4 e5 5. dxe5 Qxd1+ 6. Kxd1 Nc6 7. f4 Bf5 8. Nf3 O-O-O+ 9. Ke1 f6 10. Nbd2 fxe5 11. fxe5 Nge7 12. Nc4 Ng6 13. a4 Re8 14. Kf2 Ngxe5 15. Ncxe5 Nxe5 16. Nxe5 Rxe5 17. Bf4 Re4 18. g3 Be7 19. Bg2 Re6 20. Rhe1 Re8 21. Bd5 Rxe1 22. Rxe1 Rd8 23. Bxb7+ Kxb7 24. Rxe7+ Rd7 25.
Re8 c4 26. Rb8+ Kc6 27. Be3 Bd3 28. Rf8 Rb7 29. Bc1 Re7 30. Be3 Rb7 31. Bd4 Rxb2+ 32. Kg1 Rb1+ 33. Kg2 Rb2+ 34. Kh3 g6 35. Bxa7 Ra2 36.
Bd4 Rxa4 37. Rf7 h5 38. Kh4 Ra2 39. h3 Kd5 40. Rf6 Rh2 41. g4 hxg4 42. Kxg4 Bf5+ 43. Kg5 Rxh3 44. Rf8 Rd3 45. Rd8+ Ke4 46. Re8+ Kf3 47. Re5 Rd2 48. Rc5 Rg2+ 49. Kf6 Bd3 50. Rg5 1-0

[Event "Early-Titled-Tuesday-Blitz-December-26-2023"]
[Site "Chess.com"]
[Date "2023.12.26"]
[Round "10"]
[White "AjedrezInteligente"]
[Black "giomar27"]
[Result "0-1"]
[WhiteElo "2509"]
[BlackElo "2408"]
[TimeControl "180+1"]
[EndTime "9:56:17 PST"]
[Termination "giomar27 won on time"]

1. e4 e5 2. Nf3 Nc6 3. d4 exd4 4.
Bc4 Nf6 5. O-O Nxe4 6. Re1 d5 7. Bxd5 Qxd5 8. Nc3 Qh5 9. Nxe4 Be6 10. Neg5 O-O-O 11. Nxe6 fxe6 12. Rxe6 Bd6 13. Qd3 Rhf8 14. h3 Qd5 15. Qe4 Qxe4 16. Rxe4 Nb4 17. Nxd4 Bc5 18. c3 Bxd4 19. cxd4 Nc2 20. Rb1 Nxd4 21. Be3 Nc6 22.
Rc1 Rfe8 23. Rg4 g6 24. b4 Ne5 25. Rh4 h5 26. Bxa7 Nd3 27. Rc3 Re1+ 28. Kh2 Re2 29. Rhc4 c6 30. b5 Rxa2 31. Bb6 Rd6 32. bxc6 bxc6 33.
Rxc6+ Rxc6 34. Rxc6+ Kb7 35. Rf6 Ra6 36. Rf3 Ne5 37. Re3 Nc4 38. Bd4 Nxe3 39. Bxe3 Kc6 40. g4 Kd5 41. gxh5 gxh5 42. Kg3 Ke4 43. Kh4 Ra5 44.
Bg5 Kf5 45. Kxh5 Ra8 0-1

[Event "Early-Titled-Tuesday-Blitz-December-26-2023"]
[Site "Chess.com"]
[Date "2023.12.26"]
[Round "10"]
[White "AsaHoffmann"]
[Black "DrCeltic"]
[Result "1-0"]
[WhiteElo "2355"]
[BlackElo "2495"]
[TimeControl "180+1"]
[EndTime "9:56:17 PST"]
[Termination "AsaHoffmann won by resignation"]

1. d4 Nf6 2. Bg5 Ne4 3. Bf4 d5 4. f3 Nf6 5. e4 dxe4 6. Nc3 e6 7.
fxe4 Bb4 8. e5 Nd5 9. Bd2 Bxc3 10.
bxc3 c5 11. Qg4 g6 12. Nf3 cxd4 13. cxd4 b6 14. h4 h5 15. Qg5 Qxg5 16. Bxg5 Ba6 17. Bxa6 Nxa6 18. c4 Ndb4 19. Kd2 Rc8 20. Rhc1 Nc6 21.
d5 Na5 22. Kd3 Nc5+ 23. Kd4 O-O 24. Be7 Rfe8 25. Bxc5 Rxc5 26. Nd2 Rd8 27. Ne4 Rcc8 28. Nd6 Rc7 29. Rab1 Rcd7 30. Ne4 Nc6+ 31. Ke3 Kg7 32.
dxc6 Rd3+ 33. Kf4 Rc8 34. Rd1 Rxd1 35. Rxd1 Rxc6 36. Nd6 a6 37. a4 Rc5 38. Ke4 Ra5 39. Rf1 f5+ 40. exf6+ Kf8 41. Ra1 b5 42. cxb5 axb5 43.
Nxb5 Kf7 44. Ke5 Ra8 45. Nd6+ Kf8 46. Kxe6 g5 47. hxg5 h4 48. g6 h3 49. gxh3 Kg8 50.
Rc1 Rd8 51. Rc8 Rxc8 52. Nxc8 Kh8 53. Ke7 Kg8 54. f7+ 1-0

[Event "Early-Titled-Tuesday-Blitz-December-26-2023"]
[Site "Chess.com"]
[Date "2023.12.26"]
[Round "10"]
[White "marvinguevara"]
[Black "ploxoi"]
[Result "0-1"]
[WhiteElo "2233"]
[BlackElo "2500"]
[TimeControl "180+1"]
[EndTime "9:56:17 PST"]
[Termination "ploxoi won by resignation"]

1. e4 c5 2. d4 cxd4 3. c3 dxc3 4. Bc4 Nc6 5. Nf3 e6 6. O-O d6 7. Qe2 Nf6 8. Nxc3 Be7 9. Rd1 e5 10. Bg5 Be6 11. Bxf6 Bxf6 12. Bd5 O-O 13. Rac1 Rc8 14. Nb5 Nd4 15. Nfxd4 Rxc1 16. Rxc1 exd4 17. Nxa7 Bxd5 18. exd5 Qa5 19. Nb5 Qxa2 20. Nxd6 Qxd5 21. Ne4 Be7 22.
Qd3 Rd8 23. h3 h6 24. Rc7 Bf8 25. Rc4 Qb5 26. b3 Qa6 27. Kh2 h5 28. g3 h4 29.
Kg2 hxg3 30. fxg3 Qa2+ 31. Kf3 Qa1 32. Ng5 Qh1+ 33. Kg4 g6 34. Rc7 f5+ 35. Kh4 Qd5 36. Nf7 Rd7 37. Rxd7 Qxd7 38. Ng5 Be7 39. Qc4+ Kh8 40.
Qd3 Qd8 41. Qd2 Bxg5+ 42. Qxg5 Qxg5+ 43. Kxg5 d3 44. Kxg6 d2 45. Kxf5 d1=Q 0-1

[Event "Early-Titled-Tuesday-Blitz-December-26-2023"]
[Site "Chess.com"]
[Date "2023.12.26"]
[Round "10"]
[White "Sofia_Blokhin"]
[Black "C_K_G"]
[Result "0-1"]
[WhiteElo "2304"]
[BlackElo "2074"]
[TimeControl "180+1"]
[EndTime "9:56:17 PST"]
[Termination "C_K_G won by resignation"]

1. d4 d5 2. c4 e6 3. Nc3 Nf6 4. Nf3 c6 5. e3 Nbd7 6. Bd3 Bd6 7. O-O O-O 8. e4 dxe4 9. Nxe4 Nxe4 10. Bxe4 h6 11. Bc2 e5 12. Qd3 f5 13. dxe5 Nxe5 14.
Nxe5 Bxe5 15. Qe2 Qf6 16. Be3 Be6 17. Bc5 Rfe8 18. Bb3 Bf7 19. Qf3 Bxb2 20. Rad1 Rad8 21. Bxa7 Qg5 22. Bb6 Rxd1 23. Rxd1 Bh5 24. c5+ Kh8 25. Qd3 Bxd1 26. Qxd1 Qc1 27. Qxc1 Bxc1 28. Kf1 Bd2 29. f3 Re1+ 30. Kf2 f4 31. g3 g5 32.
Bc7 Re7 33. Bd6 Re8 34. h4 Kg7 35. hxg5 hxg5 36. gxf4 Bxf4 37. Bc4 Bxd6 38. cxd6 Rd8 39. Be6 Rxd6 40. Bc8 b6 41. Bb7 c5 42. Ba6 Rd2+ 43.
Ke3 Rxa2 44. Bc4 Ra4 45. Kd3 Kf6 46. Bb5 Rb4 47. Bc6 Ke5 48. Ke3 Rb3+ 49. Kd2 Kd4 50. Ba4 Rb2+ 51. Kc1 Rf2 0-1

[Event "Early-Titled-Tuesday-Blitz-December-26-2023"]
[Site "Chess.com"]
[Date "2023.12.26"]
[Round "10"]
[White "SahibSinghKnight"]
[Black "Yurasova_Daria"]
[Result "1-0"]
[WhiteElo "2680"]
[BlackElo "2472"]
[TimeControl "180+1"]
[EndTime "9:56:20 PST"]
[Termination "SahibSinghKnight won by resignation"]

1. e4 e5 2. Nf3 Nc6 3. Bb5 Nf6 4.
O-O a6 5. Ba4 b5 6. Bb3 Bc5 7.
c3 d6 8. h3 Bb6 9. a4 Bb7 10. d3 h6 11. Re1 O-O 12. Nbd2 Ne7 13. Nf1 Ng6 14. Ng3 c5 15. Ba2 Qc7 16. Nf5 c4 17. dxc4 bxc4 18. Qxd6 Bxe4 19. Nxh6+ Kh8 20. Ng5 Bd5 21. Qxc7 Bxc7 22. Ng4 Nxg4 23. hxg4 f6 24. Ne4 Be6 25. f3 Bb6+ 26. Be3 Rab8 27. Bc5 Rfc8 28. Bxb6 Rxb6 29. Re2 Nf4 30. Rd2 Nd3 31. Rb1 Rcb8 32. a5 Rxb2 33. Rbxb2 Rxb2 34. Rxb2 Nxb2 35. Nc5 Bc8 36. Bb1 Nd1 37. Bf5 Bxf5 38. gxf5 Nxc3 39. Nxa6 Nb5 40. Nb4 Kg8 41. a6 c3 42. Kf2 Kf8 43.
Ke3 Ke7 44. Nc6+ Kd6 45. a7 Nc7 46. Nb8 Kc5 47. Na6+ Kc4 48. Nxc7 c2 49. Kd2 1-0

[Event "Early-Titled-Tuesday-Blitz-December-26-2023"]
[Site "Chess.com"]
[Date "2023.12.26"]
[Round "10"]
[White "Romn69"]
[Black "Grammnik"]
[Result "0-1"]
[WhiteElo "2335"]
[BlackElo "2183"]
[TimeControl "180+1"]
[EndTime "9:56:23 PST"]
[Termination "Grammnik won on time"]

1. d4 d5 2. Nf3 Nf6 3. c4 c6 4. Nc3 dxc4 5. a4 Bf5 6. Ne5 Nbd7 7. Nxc4 Qc7 8. Qd2 e6 9. Qf4 Qxf4 10. Bxf4 Nd5 11. Nd6+ Bxd6 12. Bxd6 O-O-O 13. e3 N7f6 14. Ba3 Rhe8 15. Be2 e5 16. Nxd5 Nxd5 17. dxe5 Rxe5 18.
O-O Rde8 19. Rac1 Be4 20. f3 Bg6 21. e4 Nf4 22. Bc4 Rd8 23. Rfd1 Ree8 24. Kf2 Ne6 25. Ke3 Kc7 26. b4 a6 27. Bb2 f6 28. g3 Rxd1 29.
Rxd1 Ng5 30. h4 Nxe4 31. fxe4 Rxe4+ 32. Kd3 Rg4+ 33. Kc3 Rxg3+ 34. Bd3 Bh5 35. Re1 Bg6 36. Rd1 Rh3 37. Kc2 Rxh4 38. Bxg6 hxg6 39. Bc3 g5 40.
Re1 Kd7 41. Rd1+ Ke6 42. Rd8 b5 43. a5 Rf4 44. Ra8 Rc4 45. Rxa6 g4 46. Ra8 g3 47.
Re8+ Kf5 48. Re2 c5 49. Kb3 cxb4 50. Bxb4 Kg4 51. a6 Rc6 52. Ra2 Rc8 53. Bc5 f5 54.
Kb4 f4 55. a7 Ra8 56. Kxb5 f3 57.
Kb6 g5 58. Kb7 Rxa7+ 59. Kxa7 f2 60. Bxf2 gxf2 61. Rxf2 Kg3 62. Rf8 g4 0-1

[Event "Early-Titled-Tuesday-Blitz-December-26-2023"]
[Site "Chess.com"]
[Date "2023.12.26"]
[Round "10"]
[White "JohnWhite1952"]
[Black "GMT4114"]
[Result "0-1"]
[WhiteElo "1985"]
[BlackElo "2015"]
[TimeControl "180+1"]
[EndTime "9:56:25 PST"]
[Termination "GMT4114 won on time"]

1. e4 e6 2. d3 c5 3. Nf3 Nc6 4. g3 g6 5. Bg2 Bg7 6. O-O Nge7 7. Re1 d6 8. Nbd2 O-O 9. Nf1 e5 10. Bg5 h6 11. Be3 Be6 12. Qd2 Kh7 13. h4 Qd7 14.
N1h2 f5 15. exf5 gxf5 16. Qc1 Rf7 17. c3 Raf8 18. Rd1 f4 19. gxf4 exf4 20. Bd2 Bh3 21. Qc2 Qf5 22. Bxh3 Qxh3 23. Kh1 Nf5 24. d4 Kh8 25.
dxc5 dxc5 26. Bxf4 Nxh4 27. Nxh4 Rxf4 28. Ng6+ Kg8 29.
Nxf4 Rxf4 30. Rd2 Ne5 31. Kg1 Rf6 32. Rd8+ Bf8 33. Qb3+ Kh8 34. Qd5 Rg6+ 35. Kh1 Kg7 36. Qxe5+ Kh7 37. Qc7+ Bg7 38. Qxb7 Qh4 39. Rd7 Qxf2 0-1

[Event "Early-Titled-Tuesday-Blitz-December-26-2023"]
[Site "Chess.com"]
[Date "2023.12.26"]
[Round "10"]
[White "Gyulamiryan-koryun"]
[Black "tylityli"]
[Result "1-0"]
[WhiteElo "2031"]
[BlackElo "2231"]
[TimeControl "180+1"]
[EndTime "9:56:26 PST"]
[Termination "Gyulamiryan-koryun won by checkmate"]

1. e4 e5 2. Nf3 Nc6 3. Bc4 Nf6 4. Ng5 d5 5. exd5 Na5 6. Bb5+ c6 7. dxc6 bxc6 8. Bd3 Nd5 9. Ne4 f5 10. Nec3 Bd6 11.
Nxd5 cxd5 12. Nc3 Be6 13. Bb5+ Kf7 14. O-O d4 15. Ne2 Rf8 16. c3 d3 17. Bxd3 e4 18.
Bc2 Qh4 19. g3 Qh3 20. d3 Rad8 21. Nf4 Bxf4 22. Bxf4 exd3 23. Bb3 Nxb3 24. axb3 Rd7 25. c4 h6 26. Qf3 g5 27. Be5 Rfd8 28. Rfe1 d2 29.
Red1 f4 30. Qc6 Bg4 31. Qf6+ Ke8 32. Qh8+ Kf7 33. Qg7+ Ke8 34. Qg8+ Ke7 35. Qg7+ Ke8 36. Qg8+ Ke7 37. Qh7+ Ke6 38. Qe4 f3 39. Bd4+ Kf7 40. Qh7+ Ke6 41. Qg6+ Ke7 42. Qg7+ Ke8 43. Qg8+ Ke7 44.
Qg7+ Ke6 45. Qf6# 1-0

[Event "Early-Titled-Tuesday-Blitz-December-26-2023"]
[Site "Chess.com"]
[Date "2023.12.26"]
[Round "10"]
[White "johnmez"]
[Black "GiorgianBarbosa"]
[Result "0-1"]
[WhiteElo "2319"]
[BlackElo "2479"]
[TimeControl "180+1"]
[EndTime "9:56:28 PST"]
[Termination "GiorgianBarbosa won on time"]

1. d4 Nf6 2. c4 g6 3. Nc3 Bg7 4.
e4 O-O 5. Nge2 c6 6. Ng3 d6 7.
Be2 e5 8. d5 a5 9. h4 h5 10. Bg5 Na6 11. Bxh5 gxh5 12. Nxh5 Nc7 13. Qf3 Nce8 14. Nd1 Bg4 15. Nxf6+ Nxf6 16. Qg3 Bf3 17. gxf3 Kh7 18. Ne3 Rg8 19. Qh3 Qc8 20. Qf5+ Qxf5 21.
Nxf5 cxd5 22. cxd5 Rgc8 23. Kd2 Ne8 24. Rac1 Bf6 25. Bxf6 Nxf6 26. Nxd6 Rf8 27. Nxb7 Rfb8 28. Rc7 Ra7 29. Rc6 Raxb7 30. Rxf6 Rxb2+ 31. Kd3 Rxa2 32. Rxf7+ Kg6 33. Rc7 Rxf2 34. Rg1+ Kh6 35. Rg3 a4 36. d6 a3 37. Ra7 a2 38. d7 Rd8 39.
Kc4 Rxd7 40. Ra6+ Kh5 41. Rg5+ Kxh4 42. Rxe5 Rd1 0-1

[Event "Early-Titled-Tuesday-Blitz-December-26-2023"]
[Site "Chess.com"]
[Date "2023.12.26"]
[Round "10"]
[White "WindWhistler11"]
[Black "PabloZarnicki"]
[Result "0-1"]
[WhiteElo "2468"]
[BlackElo "2652"]
[TimeControl "180+1"]
[EndTime "9:56:31 PST"]
[Termination "PabloZarnicki won by resignation"]

1. Nf3 Nf6 2. c4 g6 3. g3 Bg7 4. Bg2 O-O 5. O-O c6 6. Nc3 d6 7.
d3 Bf5 8. Nd4 Bd7 9. Rb1 Qc8 10.
Re1 Bh3 11. Bh1 Qg4 12. e3 e5 13. Nb3 Nbd7 14. Na5 Rab8 15. b4 Qxd1 16. Rxd1 Bg4 17. Re1 Bf5 18. Rd1 Nb6 19. b5 Bg4 20. Rd2 c5 21.
Nxb7 d5 22. Na5 d4 23. Ne4 Nxe4 24. Bxe4 f5 25. Bd5+ Nxd5 26. cxd5 Bh6 27. Rc2 e4 28. dxe4 fxe4 29. Rxc5 d3 30. Nc6 Rb7 31. Bd2 Be2 32. d6 Rbf7 33. Ne7+ Kh8 34. Bc3+ Bg7 35. Bxg7+ Kxg7 36. Rc8 Rxf2 37. Rxf8 Rxf8 38. Nc6 Rf7 39. Ne5 d2 40. Nxf7 Kxf7 41. b6 axb6 42. Kf2 d1=Q 43. Rxd1 Bxd1 44. Ke1 Ba4 45. Kd2 Bd7 46. Kc3 Ke6 47. Kd4 Bc6 48. Kc4 Kxd6 49. Kd4 Bd5 0-1

[Event "Early-Titled-Tuesday-Blitz-December-26-2023"]
[Site "Chess.com"]
[Date "2023.12.26"]
[Round "10"]
[White "Bala-Afiada"]
[Black "dennisodessa"]
[Result "0-1"]
[WhiteElo "2028"]
[BlackElo "2535"]
[TimeControl "180+1"]
[EndTime "9:56:31 PST"]
[Termination "dennisodessa won on time"]

1. d4 Nf6 2. c4 e6 3. g3 Bb4+ 4. Bd2 a5 5. Bg2 O-O 6. Nf3 d5 7. Qc2 c5 8. O-O cxd4 9. Nxd4 Nc6 10. e3 Nxd4 11. exd4 b6 12. a3 Bxd2 13. Nxd2 Ba6 14. b3 Rc8 15. Rfd1 a4 16. c5 bxc5 17. dxc5 axb3 18. Nxb3 Bc4 19. Rdc1 Nd7 20. Bf1 Bxb3 21. Qxb3 Nxc5 22. Qb5 Qe8 23. Rxc5 Qxb5 24. Rxb5 Rfd8 25.
a4 d4 26. Bd3 Rc3 27. Rd1 Ra3 28. a5 g6 29. f3 Kg7 30. h4 h5 31. Kg2 Ra2+ 32. Kh3 Kf6 33. g4 hxg4+ 34. fxg4 Kg7 35. Kg3 Rc8 36. Kf3 f5 37. gxf5 gxf5 38. Kf4 Kf6 39. Kf3 Rg8 40. Rc5 Rag2 41. Rc6 R8g3+ 42. Kf4 Re3 43.
Rxe6+ Rxe6 44. Bf1 Rg4+ 45. Kf3 Re3+ 46. Kf2 Rxh4 47. a6 Ra3 48. Rxd4 Rxd4 0-1

[Event "Early-Titled-Tuesday-Blitz-December-26-2023"]
[Site "Chess.com"]
[Date "2023.12.26"]
[Round "10"]
[White "Pumpkin_in_moonlight"]
[Black "Yushko_Olga"]
[Result "0-1"]
[WhiteElo "2308"]
[BlackElo "2197"]
[TimeControl "180+1"]
[EndTime "9:56:32 PST"]
[Termination "Yushko_Olga won on time"]

1. e4 e6 2. d4 d5 3. Nc3 Nf6 4. e5 Nfd7 5. f4 c5 6. Nf3 Nc6 7. Be3 Qb6 8. Be2 cxd4 9. Nxd4 Nxd4 10. Bxd4 Bc5 11. Na4 Qa5+ 12. c3 Bxd4 13. Qxd4 O-O 14. O-O a6 15. b3 Qc7 16. Rac1 b5 17. Nb2 Bb7 18. Kh1 Rfc8 19. Bf3 Qb6 20. Qxb6 Nxb6 21. c4 bxc4 22. bxc4 h6 23. c5 Nd7 24. Nd3 Rc6 25.
Rc3 Rac8 26. Rfc1 a5 27. a4 Nb6 28. Rb3 Ba6 29. Rxb6 Bxd3 30. Rxc6 Rxc6 31. Kg1 Bc4 32. Kf2 Rxc5 33. Ke3 Rc8 34. Kd4 Rb8 35. Rc3 Rb4 36. Kc5 Rxa4 37. f5 Bf1 38. fxe6 fxe6 39. h3 Rc4+ 40. Rxc4 Bxc4 41. Bg4 Kf7 42. Bh5+ g6 43. Bd1 Bf1 44. Bf3 Ke7 45. h4 g5 46. hxg5 hxg5 47. g3 Kd7 48. Bg4 Bd3 49. Bd1 Kc7 50. Ba4 Be2 51. Be8 Kb7 52. Ba4 Ka6 53. Kd6 Bb5 54.
Bc2 a4 55. Kxe6 a3 56. Bb1 Bd3 57. Ba2 Bc4 58. Bb1 d4+ 0-1

[Event "Early-Titled-Tuesday-Blitz-December-26-2023"]
[Site "Chess.com"]
[Date "2023.12.26"]
[Round "10"]
[White "RodokininEV"]
[Black "alvarorodriguezavila"]
[Result "1-0"]
[WhiteElo "2567"]
[BlackElo "2292"]
[TimeControl "180+1"]
[EndTime "9:56:34 PST"]
[Termination "RodokininEV won on time"]

1. e4 c5 2. Nf3 g6 3. d4 cxd4 4.
Qxd4 Nf6 5. Nc3 Nc6 6. Qa4 d6 7.
e5 dxe5 8. Nxe5 Bd7 9. Nxd7 Qxd7 10. Bf4 Bg7 11. Rd1 Qe6+ 12. Be2 O-O 13. O-O Rfd8 14. Bf3 Rac8 15. Rfe1 Qf5 16. Bg3 e6 17. h3 Nd7 18. Be4 Qh5 19. Bf3 Qf5 20. Ne4 Nde5 21. Be2 Nd4 22. Bf1 h6 23. f4 Nec6 24. Bd3 b5 25. Qa3 Qd5 26. Nc3 Qd6 27. Qxd6 Rxd6 28. f5 Rdd8 29. fxg6 fxg6 30. Bxg6 b4 31. Ne4 Nxc2 32.
Rxd8+ Rxd8 33. Rc1 N6d4 34. Kf1 Rf8+ 35. Bf2 Ne3+ 36.
Kg1 Ne2+ 37. Kh2 Nxc1 38. Bxe3 Nd3 39. b3 Be5+ 40. g3 Bg7 41. Kg2 Ne5 42. Bh5 Nc6 43. Bf3 Nd4 44. Bd1 Rc8 45. Nd6 Rc1 46. Bxc1 Bf8 47. Nc4 Bc5 48. Be3 Nxb3 49. axb3 1-0

[Event "Early-Titled-Tuesday-Blitz-December-26-2023"]
[Site "Chess.com"]
[Date "2023.12.26"]
[Round "10"]
[White "CSB7"]
[Black "drillovsky"]
[Result "1-0"]
[WhiteElo "2682"]
[BlackElo "2419"]
[TimeControl "180+1"]
[EndTime "9:56:45 PST"]
[Termination "CSB7 won on time"]

1. c4 c5 2. Nf3 Nf6 3. Nc3 d5 4.
cxd5 Nxd5 5. d4 Nxc3 6. bxc3 g6 7. e4 Bg7 8. h3 O-O 9. Be2 Nc6 10. Be3 Qc7 11. O-O Rd8 12. Rc1 b6 13. d5 Ne5 14.
Nxe5 Bxe5 15. f4 Bg7 16. c4 e6 17. Qb3 Bb7 18. Bf3 Bd4 19. Bxd4 cxd4 20. e5 Qc5 21.
dxe6 Bxf3 22. exf7+ Kxf7 23. Qxf3 d3+ 24. Kh2 d2 25. Rcd1 Qxc4 26. f5 g5 27. Qh5+ Kf8 28.
Qh6+ Ke8 29. Qxg5 Qe4 30. Qg8+ Kd7 31. Rxd2+ Kc7 32. Qf7+ Kc6 33. Rc1+ Kb5 34. Qb3+ Ka6 35. Qa3+ Kb7 36. Qe7+ Ka6 37. Qa3+ Kb7 38. Rxd8 Qxe5+ 39. Qg3 Qxg3+ 40. Kxg3 Rxd8 41. Rf1 Kc6 42. f6 Kd6 43.
Kg4 Ke6 44. Kg5 Kf7 45. g4 h6+ 46. Kxh6 Rh8+ 47. Kg5 Rxh3 48. Rc1 Rg3 49. Rc7+ Ke6 50. Re7+ Kd6 51. Rxa7 Rg2 52. Kf5 1-0

[Event "Early-Titled-Tuesday-Blitz-December-26-2023"]
[Site "Chess.com"]
[Date "2023.12.26"]
[Round "10"]
[White "nitpicker"]
[Black "Felix-Rose"]
[Result "1-0"]
[WhiteElo "2295"]
[BlackElo "2238"]
[TimeControl "180+1"]
[EndTime "9:56:45 PST"]
[Termination "nitpicker won on time"]

1. d4 d5 2. c4 e6 3. Nf3 Nf6 4. g3 dxc4 5. Bg2 a6 6. O-O Nc6 7. e3 Bd7 8. Qe2 Bd6 9. Qxc4 O-O 10. Rd1 Rb8 11. b3 Qe7 12. Bb2 e5 13. d5 Na7 14.
Qc3 Rfe8 15. Nbd2 h6 16. e4 c5 17. dxc6 Nxc6 18. Nh4 Nd4 19. Bf1 Rbc8 20. Qd3 g5 21.
Nf5 Bxf5 22. exf5 Bc5 23. Bg2 e4 24. Nxe4 Nxe4 25. Bxd4 Bxd4 26. Qxd4 Rcd8 27. Qe3 Rxd1+ 28. Rxd1 Nf6 29. Qxe7 Rxe7 30. Kf1 Kg7 31. h3 h5 32. Bf3 g4 33. hxg4 hxg4 34. Bg2 Ne8 35. Rd4 Kf6 36. Rxg4 Kxf5 37. Rf4+ Kg5 38. Rb4 Nd6 39. a4 Kf6 40. Rb6 Ke5 41. a5 Rc7 42. Bf3 f5 43.
Kg2 Rg7 44. Rb4 Ke6 45. Be2 Kd7 46. Bf3 Kc7 47. Rd4 Kd7 48. Rf4 Kc7 49. Be2 Rg5 50. Bd3 1-0

[Event "Early-Titled-Tuesday-Blitz-December-26-2023"]
[Site "Chess.com"]
[Date "2023.12.26"]
[Round "10"]
[White "ftorodent"]
[Black "Korchmar_Vasiliy"]
[Result "0-1"]
[WhiteElo "2636"]
[BlackElo "2784"]
[TimeControl "180+1"]
[EndTime "9:56:48 PST"]
[Termination "Korchmar_Vasiliy won on time"]

1. d4 Nf6 2. c4 e6 3. Nf3 d5 4. Nc3 dxc4 5. e3 a6 6. Bxc4 b5 7. Be2 Bb7 8. O-O Nbd7 9. b3 c5 10. Bb2 Bd6 11. a4 b4 12. Nb1 cxd4 13. Nxd4 Ne4 14.
Nd2 Nxd2 15. Qxd2 Nc5 16. Qxb4 O-O 17. Qe1 Qh4 18. g3 Qf6 19. b4 Ne4 20. Rb1 Ng5 21. f3 e5 22. Nc2 Rac8 23. Rc1 Nxf3+ 24. Bxf3 Bxf3 25. Qf2 Qg6 26. Qxf3 Rxc2 27. Rxc2 Qxc2 28. Qd5 Qxb2 29. Qxd6 Qc3 30. Qc5 Qb2 31. Rf2 Qa1+ 32. Kg2 Qxa4 33. h4 h6 34. Rd2 Rb8 35. Rd6 Qxb4 36.
Qxb4 Rxb4 37. Rxa6 e4 38. g4 Rb3 39. Kf2 g6 40.
Ra4 f5 41. gxf5 gxf5 42. Ra5 f4 43. exf4 Rf3+ 44. Kg2 Rxf4 45. Kg3 Rf3+ 46. Kg4 Rf1 47. Re5 Re1 48. Kh5 Kg7 49. Re6 e3 50. Re4 Re2 0-1

[Event "Early-Titled-Tuesday-Blitz-December-26-2023"]
[Site "Chess.com"]
[Date "2023.12.26"]
[Round "10"]
[White "aksuliini1"]
[Black "FoxOnTheRun97"]
[Result "1-0"]
[WhiteElo "2477"]
[BlackElo "2553"]
[TimeControl "180+1"]
[EndTime "9:56:52 PST"]
[Termination "aksuliini1 won by checkmate"]

1. d4 Nf6 2. c4 e6 3. Nc3 Bb4 4.
e3 O-O 5. Ne2 d5 6. a3 Be7 7.
cxd5 exd5 8. Nf4 c6 9. Bd3 Nbd7 10. O-O Re8 11. b4 a6 12. f3 Nf8 13. Bc2 Ng6 14. Nxg6 hxg6 15. e4 dxe4 16. fxe4 a5 17. Rb1 Bg4 18. Qd3 axb4 19. axb4 Be6 20. b5 Qd7 21. h3 Red8 22. Be3 Ra3 23. Ra1 Rxa1 24. Rxa1 cxb5 25. Qxb5 Bxh3 26. gxh3 Qxh3 27. Qe2 Ng4 28. Bf4 Qxc3 29. Rd1 Nf6 30. d5 Bc5+ 31. Kg2 Nh5 32. Bh2 b5 33. Rd3 Qf6 34. Rf3 Qg5+ 35. Kh1 b4 36. Bb3 Qc1+ 37. Kg2 Bd6 38. e5 Bb8 39. d6 Qc6 40. Bxf7+ Kh7 41. Qd3 Rxd6 42. exd6 Qxf3+ 43. Qxf3 Nf6 44. Qh3+ Nh5 45. d7 Bc7 46. d8=Q Bxd8 47. Bxg6+ Kxg6 48. Qd3+ Kh6 49. Qxd8 g6 50. Qh8+ Kg5 51.
Qb8 b3 52. Qxb3 Kf5 53. Qd3+ Kg5 54. Qe3+ Kf5 55. Kf3 Kf6 56. Qe5+ Kf7 57. Bf4 Ng7 58.
Bg5 Nf5 59. Qf6+ Kg8 60. Qxg6+ Kh8 61. Bf6+ Ng7 62. Qxg7# 1-0